[Event "K21"]
[Site "?"]
[Date "2023.08.03"]
[Round "7"]
[White "Yue, Erfei"]
[Black "Feierfeil, Jiri"]
[Result "1-0"]
[ECO "D00"]
[WhiteElo "1685"]
[BlackElo "1674"]
[Annotator ",martin-koller@seznam"]
[PlyCount "93"]
[TimeControl "240+2"]

{600MB, Fritz10.ctg} 1. d4 Nf6 2. Bg5 d5 3. Bxf6 exf6 4. e3 Be6 5. Nf3 Bd6 6.
Nbd2 O-O 7. c4 c6 8. cxd5 cxd5 9. Bd3 f5 10. O-O Nc6 11. a3 f6 12. b4 a6 13.
Nb3 Qe7 14. Re1 g6 15. Nfd2 h5 16. f3 Qc7 17. h3 Bg3 18. Nc5 Bf7 19. Re2 Bd6
20. Rc1 Rac8 21. Ndb3 Rfe8 22. e4 dxe4 23. fxe4 Bxc5 24. Rxc5 fxe4 25. Rxe4 Qd6
26. Qc2 f5 27. Re2 Rxe2 28. Bxe2 Rd8 29. Bc4 Bxc4 30. Qxc4+ Kg7 31. b5 axb5 32.
Rxb5 Rd7 33. Nc5 Qxd4+ 34. Qxd4+ Rxd4 35. Ne6+ Kf6 36. Nxd4 Nxd4 37. Rxb7 Ke5
38. a4 g5 39. a5 g4 40. a6 Nc6 41. a7 Nxa7 42. Rxa7 Kf4 43. Ra3 h4 44. Kf2 Kg5
45. hxg4 Kxg4 46. Ra4+ f4 47. Rb4 1-0

[Event "M21"]
[Site "?"]
[Date "2023.08.03"]
[Round "8"]
[White "Kalisky, Vladimir"]
[Black "Reichmann, Steffen"]
[Result "1-0"]
[ECO "A21"]
[WhiteElo "2145"]
[BlackElo "1954"]
[Annotator ",martin-koller@seznam"]
[PlyCount "55"]
[TimeControl "240+2"]

{600MB, Fritz10.ctg} 1. c4 e5 2. Nc3 f5 3. e3 Nf6 4. d4 exd4 5. exd4 Bb4 6. Nf3
O-O 7. Be2 Ne4 8. Qb3 Bxc3+ 9. bxc3 d6 10. O-O b6 11. c5+ Kh8 12. cxd6 cxd6 13.
Ba3 Nc6 14. Rac1 Bb7 15. Rfd1 Qf6 16. c4 Rfe8 17. Bf1 Rac8 18. Bb2 Na5 19. Qb5
Ng5 20. Nxg5 Qxg5 21. d5 f4 22. Re1 Red8 23. Re4 h5 24. Rce1 Rc5 25. Re8+ Kh7
26. Bd3+ Kh6 27. R1e6+ g6 28. Rxd8 1-0

[Event "M21"]
[Site "?"]
[Date "2023.08.03"]
[Round "8"]
[White "Hurtak, Otto"]
[Black "Gunther, Andreas"]
[Result "0-1"]
[ECO "A10"]
[WhiteElo "1949"]
[BlackElo "2065"]
[Annotator ",martin-koller@seznam"]
[PlyCount "86"]
[TimeControl "240+2"]

{600MB, Fritz10.ctg} 1. c4 f5 2. Nc3 Nf6 3. g3 g6 4. Bg2 Bg7 5. d3 O-O 6. e4
fxe4 7. dxe4 e5 8. Nge2 d6 9. O-O Be6 10. b3 c5 11. Bb2 Nc6 12. Qd2 Qd7 13.
Rad1 Nd4 14. Nd5 Rf7 15. Bxd4 cxd4 16. f3 h5 17. h4 Kh7 18. Qd3 Bh6 19. Nxf6+
Rxf6 20. Nxd4 exd4 21. Qxd4 Qf7 22. f4 Bg4 23. Bf3 Bxf3 24. Rxf3 b6 25. Rfd3
Re8 26. a4 Bg7 27. Qe3 Rfe6 28. Rxd6 Rxe4 29. Qd2 Re2 30. Qd5 Qe7 31. Qd3 Re1+
32. Kf2 Qe2+ 33. Qxe2 R8xe2+ 34. Kf3 Re3+ 35. Kf2 Rxd1 36. Rxd1 Rxb3 37. Rd7 a5
38. c5 bxc5 39. Ra7 c4 40. Rxa5 c3 41. Ke2 c2 42. Kd2 Rc3 43. Kc1 Bf8 0-1

[Event "M21"]
[Site "?"]
[Date "2023.08.03"]
[Round "8"]
[White "Soural, Jan"]
[Black "Hozda, Max"]
[Result "1/2-1/2"]
[ECO "D11"]
[WhiteElo "2176"]
[BlackElo "1986"]
[Annotator ",martin-koller@seznam"]
[PlyCount "47"]
[TimeControl "240+2"]

{600MB, Fritz10.ctg} 1. d4 d5 2. c4 c6 3. Nf3 Nf6 4. g3 Bf5 5. Nc3 e6 6. Nh4
dxc4 7. Nxf5 exf5 8. e3 Nbd7 9. Bxc4 Nb6 10. Bf1 Be7 11. Bg2 O-O 12. O-O Re8
13. Qb3 Qd7 14. Bd2 Rad8 15. Rad1 Qe6 16. Qc2 g6 17. Rc1 Bf8 18. Rfd1 h5 19. h4
Ne4 20. Nxe4 fxe4 21. Ba5 Rd5 22. Bxb6 axb6 23. Qb3 g5 24. hxg5 1/2-1/2

[Event "M21"]
[Site "?"]
[Date "2023.08.03"]
[Round "8"]
[White "Van den Boogaart, Jan Maarten"]
[Black "Husa, Daniel"]
[Result "1/2-1/2"]
[ECO "B34"]
[WhiteElo "2087"]
[BlackElo "2084"]
[Annotator ",martin-koller@seznam"]
[PlyCount "28"]
[TimeControl "240+2"]

{600MB, Fritz10.ctg} 1. e4 c5 2. Nf3 Nc6 3. d4 cxd4 4. Nxd4 Nf6 5. Nc3 g6 6.
Nxc6 dxc6 7. Qxd8+ Kxd8 8. Bc4 Ke8 9. f3 e5 10. Bg5 Nd7 11. O-O-O Be7 12. Be3
Bc5 13. Bh6 Bf8 14. Be3 Bc5 1/2-1/2

[Event "K21"]
[Site "?"]
[Date "2023.08.03"]
[Round "8"]
[White "Vit, Zdenek"]
[Black "Schimmer, Michael"]
[Result "1-0"]
[ECO "B40"]
[WhiteElo "1654"]
[BlackElo "1689"]
[Annotator ",martin-koller@seznam"]
[PlyCount "37"]
[TimeControl "240+2"]

{600MB, Fritz10.ctg} 1. e4 c5 2. Nf3 e6 3. d4 cxd4 4. Nxd4 Nc6 5. Nxc6 bxc6 6.
Bd3 d5 7. exd5 cxd5 8. O-O Nf6 9. Bf4 Be7 10. Nd2 O-O 11. Nf3 Bb7 12. c3 Rc8
13. Qe2 Qb6 14. Rab1 Nd7 15. Ne5 Nf6 16. Bg5 Rcd8 17. Ng4 Kh8 18. Nxf6 Bxf6 19.
Qh5 1-0

[Event "K21"]
[Site "?"]
[Date "2023.08.03"]
[Round "8"]
[White "Junge, Matheo-Gabriel"]
[Black "Thomasson, Staffan"]
[Result "1-0"]
[ECO "B12"]
[WhiteElo "1450"]
[BlackElo "1740"]
[Annotator ",martin-koller@seznam"]
[PlyCount "57"]
[TimeControl "240+2"]

{600MB, Fritz10.ctg} 1. e4 g6 2. d4 c6 3. Nf3 d5 4. e5 h5 5. Bd3 Bg4 6. h3 Bxf3
7. Qxf3 e6 8. O-O c5 9. c3 Nc6 10. dxc5 Nxe5 11. Bb5+ Nc6 12. c4 Bxc5 13. Nc3
Qf6 14. cxd5 Qxf3 15. gxf3 exd5 16. Re1+ Nge7 17. Nxd5 O-O-O 18. Nxe7+ Bxe7 19.
Bf4 Bf6 20. Rac1 Bxb2 21. Rc2 Bd4 22. Bxc6 bxc6 23. Re7 Rd7 24. Rxc6+ Kd8 25.
Rxd7+ Kxd7 26. Rd6+ Ke7 27. Rxd4 Ra8 28. Ra4 a6 29. Kg2 1-0

[Event "K21"]
[Site "?"]
[Date "2023.08.03"]
[Round "8"]
[White "Gunther, Andreas"]
[Black "Yue, Erfei"]
[Result "0-1"]
[ECO "D05"]
[WhiteElo "1600"]
[BlackElo "1685"]
[Annotator ",martin-koller@seznam"]
[PlyCount "92"]
[TimeControl "240+2"]

{600MB, Fritz10.ctg} 1. d4 d5 2. Nf3 e6 3. e3 Nf6 4. Bd3 Bd6 5. O-O O-O 6. Nbd2
Nbd7 7. b3 b6 8. Bb2 Bb7 9. Ne5 Ne4 10. f3 Nxd2 11. Qxd2 f6 12. Ng4 c5 13. Rfe1
Qc7 14. f4 c4 15. Bf1 a5 16. a4 Rac8 17. Ba3 Bxa3 18. Rxa3 e5 19. bxc4 dxc4 20.
Rc3 Ba6 21. dxe5 h5 22. Qd5+ Kh8 23. exf6 hxg4 24. Qh5+ Kg8 25. fxg7 Kxg7 26.
Qxg4+ Kf7 27. e4 Nf6 28. Qf3 Qc5+ 29. Kh1 Qh5 30. Qxh5+ Nxh5 31. g3 Nf6 32. Kg2
Rfe8 33. Kf3 Nxe4 34. Rxe4 Bb7 35. Rcxc4 Rxe4 36. Rxe4 Rxc2 37. Ke3 Bxe4 38.
Kxe4 Rxh2 39. g4 Rb2 40. Bb5 Ke6 41. Bc4+ Kd6 42. Kf5 Rb4 43. Bb5 Rxb5+ 44.
axb5 a4 45. g5 a3 46. g6 Ke7 0-1

[Event "K21"]
[Site "?"]
[Date "2023.08.03"]
[Round "8"]
[White "Hapke, Ralf"]
[Black "Feierfeil, Jiri"]
[Result "1/2-1/2"]
[ECO "B23"]
[WhiteElo "1756"]
[BlackElo "1674"]
[Annotator ",martin-koller@seznam"]
[PlyCount "89"]
[TimeControl "240+2"]

{600MB, Fritz10.ctg} 1. e4 c5 2. Nc3 Nc6 3. Bb5 e6 4. Bxc6 bxc6 5. Nf3 d5 6.
O-O Ne7 7. d3 Ng6 8. b3 d4 9. Na4 e5 10. h3 Bd6 11. Nb2 O-O 12. Nc4 Bc7 13. Bd2
f5 14. Ng5 h6 15. exf5 Bxf5 16. Ne4 Bxe4 17. dxe4 Qf6 18. Qg4 Kh7 19. Rad1 Rad8
20. Bc1 Qe7 21. Rd3 Nf4 22. Bxf4 Rxf4 23. Qe2 Rdf8 24. g3 R4f6 25. Kg2 g5 26.
Qh5 R8f7 27. Nd2 Qf8 28. Rf3 Rxf3 29. Nxf3 Kg7 30. h4 gxh4 31. Nxh4 Rf6 32.
Nf5+ Kh7 33. Rh1 Bd8 34. Rh4 Rxf5 35. exf5 Bxh4 36. Qg6+ Kh8 37. gxh4 e4 38. f6
Qg8 39. Qg3 d3 40. cxd3 exd3 41. Kf1 Qf7 42. Qd6 d2 43. Ke2 d1=Q+ 44. Qxd1 Qxf6
45. Qd7 1/2-1/2

[Event "K21"]
[Site "?"]
[Date "2023.08.03"]
[Round "8"]
[White "Nelson, Wayne"]
[Black "Heider, Dirk"]
[Result "0-1"]
[ECO "D02"]
[WhiteElo "1863"]
[BlackElo "1781"]
[Annotator ",martin-koller@seznam"]
[PlyCount "112"]
[TimeControl "240+2"]

{600MB, Fritz10.ctg} 1. d4 d5 2. Nf3 Nf6 3. Bf4 c5 4. e3 Qb6 5. Qc1 Bf5 6. Be2
Nbd7 7. Nbd2 Rc8 8. c3 h6 9. O-O e6 10. Ne5 g5 11. Nxd7 Nxd7 12. Bg3 h5 13. h4
gxh4 14. Bxh4 Be7 15. Bxe7 Kxe7 16. Re1 Rcg8 17. Bf3 Bg4 18. e4 Bxf3 19. Nxf3
dxe4 20. Rxe4 Qc6 21. Qe3 Nf6 22. Rh4 Nd5 23. Qe4 b6 24. Re1 Qd6 25. c4 Nf6 26.
Qb7+ Qd7 27. Qxd7+ Nxd7 28. d5 Rg4 29. dxe6 fxe6 30. Rxg4 hxg4 31. Ne5 Nxe5 32.
Rxe5 Kf6 33. Re2 Rd8 34. g3 a5 35. b3 Rd4 36. Kg2 Rd3 37. Kf1 e5 38. Ke1 Kf5
39. Rd2 e4 40. Ke2 Rd4 41. Rc2 Ke5 42. Rc1 Rd3 43. Rh1 a4 44. Rb1 axb3 45. Rxb3
Kd4 46. Rxb6 Ra3 47. Rg6 Rxa2+ 48. Kf1 Kxc4 49. Rxg4 Kd3 50. Rg8 Ra1+ 51. Kg2
Ra4 52. Rd8+ Rd4 53. Rc8 c4 54. g4 c3 55. Kf1 Kd2 56. Ra8 c2 0-1

[Event "M21"]
[Site "?"]
[Date "2023.08.04"]
[Round "9"]
[White "Reichmann, Steffen"]
[Black "Van den Boogaart, Jan Maarten"]
[Result "*"]
[ECO "B25"]
[WhiteElo "1954"]
[BlackElo "2087"]
[Annotator ",martin-koller@seznam"]
[PlyCount "24"]
[TimeControl "240+2"]

{600MB, Fritz10.ctg} 1. e4 c5 2. Nc3 Nc6 3. g3 g6 4. Bg2 Bg7 5. d3 e6 6. f4 d6
7. Nf3 Nge7 8. O-O O-O 9. Be3 Nd4 10. e5 Nxf3+ 11. Qxf3 Nf5 12. Bf2 Nd4 *

[Event "M21"]
[Site "?"]
[Date "2023.08.04"]
[Round "9"]
[White "Rehak, Martin"]
[Black "Hurtak, Otto"]
[Result "1/2-1/2"]
[ECO "B39"]
[WhiteElo "1991"]
[BlackElo "1949"]
[Annotator ",martin-koller@seznam"]
[PlyCount "23"]
[TimeControl "240+2"]

{600MB, Fritz10.ctg} 1. Nf3 c5 2. c4 Nc6 3. d4 cxd4 4. Nxd4 g6 5. e4 Bg7 6. Be3
Nf6 7. Nc3 Ng4 8. Qxg4 Nxd4 9. Qd1 Ne6 10. Qd2 Qa5 11. Bh6 Bxc3 12. bxc3
1/2-1/2

[Event "M21"]
[Site "?"]
[Date "2023.08.04"]
[Round "9"]
[White "Hozda, Max"]
[Black "Kalisky, Vladimir"]
[Result "1/2-1/2"]
[ECO "E92"]
[WhiteElo "1986"]
[BlackElo "2145"]
[Annotator ",martin-koller@seznam"]
[PlyCount "82"]
[TimeControl "240+2"]

{600MB, Fritz10.ctg} 1. d4 Nf6 2. c4 d6 3. Nf3 g6 4. Nc3 Bg7 5. e4 O-O 6. Be2
e5 7. d5 a5 8. Bg5 h6 9. Bh4 Na6 10. Nd2 Nc5 11. O-O g5 12. Bg3 Bd7 13. b3 Qe7
14. a3 Rfc8 15. b4 axb4 16. axb4 Ncxe4 17. Ncxe4 Nxe4 18. Nxe4 f5 19. f3 fxe4
20. fxe4 Rf8 21. Rxa8 Rxa8 22. Bf2 Ra2 23. Be3 Ba4 24. Qe1 Bc2 25. Qd2 Qd7 26.
b5 Bb1 27. Rxb1 Rxd2 28. Bxd2 g4 29. Rf1 Qc8 30. Be3 Kh7 31. Kf2 Qa8 32. Bxg4
Qa2+ 33. Be2 Bf6 34. g3 Bg5 35. h4 Bxe3+ 36. Kxe3 Qb2 37. Rf7+ Kg8 38. Rxc7
Qc3+ 39. Kf2 Qd4+ 40. Kf3 Qc3+ 41. Kf2 Qd4+ 1/2-1/2

[Event "M21"]
[Site "?"]
[Date "2023.08.04"]
[Round "9"]
[White "Husa, Daniel"]
[Black "Novak, Jindrich"]
[Result "1/2-1/2"]
[ECO "C41"]
[WhiteElo "2084"]
[BlackElo "2047"]
[Annotator ",martin-koller@seznam"]
[PlyCount "78"]
[TimeControl "240+2"]

{600MB, Fritz10.ctg} 1. e4 d6 2. d4 e5 3. Nf3 Nf6 4. Nc3 Nbd7 5. Bc4 Be7 6. O-O
O-O 7. h3 c6 8. a4 Qc7 9. Be3 b6 10. Qe2 a6 11. Nd2 Bb7 12. f4 exd4 13. Bxd4 d5
14. exd5 Rfe8 15. dxc6 Qxc6 16. Qf2 Nc5 17. Nf3 Nce4 18. Ne5 Nxf2 19. Nxc6
Nxh3+ 20. gxh3 Bxc6 21. Bxb6 a5 22. Bb5 Rec8 23. Rae1 Bb4 24. Bd4 Bxb5 25. axb5
Bxc3 26. Bxc3 Nd5 27. Rf3 Nxc3 28. Rxc3 Rxc3 29. bxc3 Kf8 30. Ra1 Ke7 31. Ra4
Kd6 32. Kf2 Kc5 33. c4 Kd4 34. Ke2 f6 neèitelné 1/2-1/2

[Event "K21"]
[Site "?"]
[Date "2023.08.04"]
[Round "9"]
[White "Yue, Erfei"]
[Black "Vit, Zdenek"]
[Result "1-0"]
[ECO "A45"]
[WhiteElo "1685"]
[BlackElo "1654"]
[Annotator ",martin-koller@seznam"]
[PlyCount "37"]
[TimeControl "240+2"]

{600MB, Fritz10.ctg} 1. d4 Nf6 2. Bg5 Ne4 3. Bf4 d5 4. f3 Nd6 5. Nc3 e6 6. e4
c6 7. Bd3 b5 8. Nge2 b4 9. Na4 dxe4 10. fxe4 Ba6 11. O-O Bxd3 12. Qxd3 Nb5 13.
c4 bxc3 14. bxc3 Qa5 15. Nb2 Bd6 16. Nc4 Qc7 17. Nxd6+ Nxd6 18. Qg3 1-0

[Event "K21"]
[Site "?"]
[Date "2023.08.04"]
[Round "9"]
[White "Thomasson, Staffan"]
[Black "Nelson, Wayne"]
[Result "1/2-1/2"]
[ECO "A25"]
[WhiteElo "1740"]
[BlackElo "1863"]
[Annotator ",martin-koller@seznam"]
[PlyCount "30"]
[TimeControl "240+2"]

{600MB, Fritz10.ctg} 1. c4 e5 2. g3 Nc6 3. Bg2 Bc5 4. e3 d6 5. Nc3 a6 6. Nge2
Bg4 7. h3 Bd7 8. O-O Nf6 9. d4 exd4 10. exd4 Ba7 11. Bg5 h6 12. Be3 O-O 13. Qd2
Qc8 14. Nf4 Ne7 15. g4 c6 1/2-1/2

[Event "K21"]
[Site "?"]
[Date "2023.08.04"]
[Round "9"]
[White "Heider, Dirk"]
[Black "Hapke, Ralf"]
[Result "1-0"]
[ECO "B01"]
[WhiteElo "1781"]
[BlackElo "1756"]
[Annotator ",martin-koller@seznam"]
[PlyCount "90"]
[TimeControl "240+2"]

{600MB, Fritz10.ctg} 1. e4 d5 2. exd5 Nf6 3. Nf3 Qxd5 4. Nc3 Qd8 5. d4 Bg4 6.
Be2 e6 7. Bg5 Be7 8. h3 Bh5 9. O-O c6 10. Re1 Nbd7 11. Ne5 Bxe2 12. Qxe2 O-O
13. Rad1 Nd5 14. Bc1 Nxc3 15. bxc3 Nxe5 16. dxe5 Qc7 17. Qg4 Rfd8 18. Bh6 Bf8
19. Rd3 Rxd3 20. cxd3 Rd8 21. Re3 g6 22. Bxf8 Kxf8 23. d4 c5 24. Rf3 cxd4 25.
cxd4 Kg8 26. Qf4 Rd7 27. h4 f5 28. h5 Qd8 29. hxg6 hxg6 30. Qh6 Rg7 31. Rc3 Qe8
32. Qc1 Rd7 33. Rc7 a6 34. Qc4 Rxc7 35. Qxc7 Qf7 36. Qd6 Qe8 37. d5 Qc8 38.
dxe6 Qc1+ 39. Kh2 Qf4+ 40. g3 Qxf2+ 41. Kh3 Qf1+ 42. Kh4 Kg7 43. Qe7+ Kh6 44.
Qf8+ Kh7 45. Kg5 Qc1+ 1-0

[Event "K21"]
[Site "?"]
[Date "2023.08.04"]
[Round "9"]
[White "Schimmer, Michael"]
[Black "Junge, Mattheo-Gabriel"]
[Result "1-0"]
[ECO "B12"]
[WhiteElo "1689"]
[BlackElo "1450"]
[Annotator ",martin-koller@seznam"]
[PlyCount "65"]
[TimeControl "240+2"]

{600MB, Fritz10.ctg} 1. e4 c6 2. d4 d5 3. f3 e6 4. Nc3 Bb4 5. Bf4 Nf6 6. Qd3 b6
7. Nge2 Ba6 8. Qe3 O-O 9. O-O-O Bxe2 10. Nxe2 a5 11. Bg5 Be7 12. Nc3 dxe4 13.
fxe4 Ng4 14. Bxe7 Nxe3 15. Bxd8 Nxd1 16. Bxb6 Nxc3 17. bxc3 Nd7 18. Bc7 Rfc8
19. Bg3 e5 20. Be2 Re8 21. Bf3 Rad8 22. Rd1 f6 23. d5 cxd5 24. exd5 Nb6 25. d6
Kf8 26. Bf2 Nd7 27. c4 e4 28. Be2 e3 29. Bg3 Nc5 30. Rd5 Ne4 31. Be1 Re6 32.
Bxa5 Nxd6 33. Bxd8 1-0

[Event "K21"]
[Site "?"]
[Date "2023.08.04"]
[Round "9"]
[White "Feierfeil, Jiri"]
[Black "Gunther, Arthur"]
[Result "0-1"]
[ECO "A80"]
[WhiteElo "1674"]
[BlackElo "1600"]
[Annotator ",martin-koller@seznam"]
[PlyCount "70"]
[TimeControl "240+2"]

{600MB, Fritz10.ctg} 1. d4 d5 2. Nf3 e6 3. Bf4 f5 4. Nbd2 Nf6 5. e3 Bd6 6. Ne5
O-O 7. Be2 Ne4 8. Nxe4 fxe4 9. h4 c5 10. dxc5 Qa5+ 11. c3 Qxc5 12. g4 Nc6 13.
Nxc6 Bxf4 14. Nd4 Bc7 15. Qd2 Qe7 16. g5 e5 17. Nb3 Be6 18. Rg1 Bb6 19. Bg4 a5
20. Qe2 a4 21. Nd2 a3 22. b3 d4 23. cxd4 exd4 24. Nxe4 dxe3 25. f3 Qb4+ 26. Nd2
Qxd2+ 27. Kf1 Qxe2+ 28. Kxe2 Bxg4 29. Rxg4 Rad8 30. f4 Rd2+ 31. Kf3 Re8 32. Re1
Rf2+ 33. Kg3 e2 34. f5 Rf1 35. Rxe2 Rxe2 0-1